Map: Orbital Shipyard

Players

oliM - Winner!

  • Race: Protoss Protoss
  • League: Master

Teebul

  • Race: Protoss Protoss
  • League: Grandmaster

VOD

Have the link to the VOD?

Description

Time

  • Played on: Feb. 10, 2016, 11:45 p.m.
  • Length: 15:28
Show
View Real Time Build Order
Export as new Build Order

oliM Protoss - Winner!

Build Orders: 1 Gate Expand, Phoenix Opening 

Get SALT Encoding   

  12  0:02  Probe (Chrono Boost)  
  13  0:12  Probe (Chrono Boost)  
  14  0:18  Pylon  
  14  0:23  Probe (Chrono Boost)  
  15  0:36  Probe (Chrono Boost)  
  15  0:39  Gateway  
  16  0:47  Probe (Chrono Boost)  
  17  0:51  Assimilator  
  17  0:57  Probe (Chrono Boost)  
  18  1:08  Probe (Chrono Boost)  
  19  1:19  Nexus  
  19  1:28  Cybernetics Core  
  19  1:33  Assimilator  
  19  1:36  Probe (Chrono Boost)  
  21  1:47  Probe (Chrono Boost)  
  21  1:50  Pylon  
  21  1:57  Probe (Chrono Boost)  
  24  2:08  Mothership Core (Chrono Boost)  
  24  2:15  Adept (Chrono Boost)  
  26  2:18  Pylon  
  26  2:20  Warp Gate  
  26  2:27  Probe  
  27  2:30  Probe  
  28  2:39  Probe (Chrono Boost)  
  28  2:42  Probe (Chrono Boost)  
  30  2:50  Stargate  
  31  2:51  Probe (Chrono Boost)  
  31  2:53  Probe (Chrono Boost)  
  32  3:02  Probe (Chrono Boost)  
  32  3:04  Probe (Chrono Boost)  
  34  3:12  Probe (Chrono Boost)  
  35  3:14  Probe (Chrono Boost)  
  36  3:23  Probe (Chrono Boost)  
  36  3:25  Robotics Facility, Probe (Chrono Boost)  
  38  3:33  Probe (Chrono Boost)  
  38  3:34  Probe (Chrono Boost), Phoenix (Chrono Boost)  
  42  3:43  Assimilator  
  42  3:44  Probe  
  42  3:45  Probe  
  42  3:48  Assimilator  
  44  3:54  Pylon  
  44  3:56  Phoenix (Chrono Boost)  
  44  3:57  Probe  
  44  3:58  Probe  
  48  4:08  Probe  
  48  4:09  Probe  
  50  4:18  Phoenix (Chrono Boost)  
  50  4:19  Probe  
  50  4:20  Gateway  
  50  4:21  Probe  
  54  4:29  Probe  
  54  4:30  Stargate  
  55  4:33  Probe  
  56  4:40  Probe  
  56  4:42  Phoenix (Chrono Boost)  
  59  4:45  Probe  
  59  4:48  Nexus  
  59  4:50  Probe  
  61  4:57  Probe  
  62  5:08  Pylon  
  62  5:10  Observer  
  62  5:11  Pylon  
  62  5:14  Stargate  
  62  5:21  Pylon  
  62  5:22  Pylon  
  62  5:25  Probe  
  62  5:26  Probe, Phoenix x2 (Chrono Boost)  
  68  5:37  Probe  
  68  5:38  Probe  
  70  5:43  Assimilator  
  70  5:49  Assimilator, Phoenix (Chrono Boost), Probe  
  71  5:50  Probe, Phoenix (Chrono Boost)  
  74  6:00  Phoenix (Chrono Boost)  
  74  6:02  Probe x2  
  78  6:11  Fleet Beacon  
  80  6:14  Probe, Phoenix (Chrono Boost)  
  80  6:15  Gateway  
  80  6:16  Probe  
  81  6:18  Probe  
  81  6:19  Phoenix (Chrono Boost)  
  81  6:21  Gateway  
  84  6:26  Probe  
  84  6:27  Phoenix (Chrono Boost)  
  84  6:29  Probe  
  84  6:30  Observer, Probe  
  90  6:38  Probe  
  93  6:40  Probe, Phoenix (Chrono Boost)  
  93  6:41  Probe  
  94  6:48  Pylon  
  94  6:49  Phoenix (Chrono Boost), Anion Pulse-Crystals (Chrono Boost)  
  94  6:50  Probe  
  94  6:51  Probe  
  98  6:57  Pylon  
  98  7:00  Probe  
  99  7:01  Phoenix (Chrono Boost)  
  99  7:03  Probe  
  99  7:05  Phoenix (Chrono Boost)  
  104  7:17  Twilight Council  
  104  7:18  Pylon  
  104  7:19  Gateway  
  104  7:21  Phoenix (Chrono Boost)  
  106  7:27  Phoenix (Chrono Boost)  
  110  7:30  Phoenix (Chrono Boost)  
  110  7:31  Forge  
  110  7:33  Pylon  
  110  7:34  Zealot  
  110  7:35  Zealot  
  114  7:38  Stalker  
  116  7:46  Phoenix (Chrono Boost)  
  116  7:48  Phoenix (Chrono Boost)  
  116  7:56  Phoenix (Chrono Boost)  
  98  8:10  Phoenix (Chrono Boost)  
  98  8:11  Probe, Phoenix (Chrono Boost)  
  97  8:18  Probe  
  97  8:19  Probe, Blink (Chrono Boost)  
  97  8:24  Gateway  
  97  8:25  Gateway  
  97  8:27  Gateway  
  97  8:29  Phoenix (Chrono Boost)  
  97  8:31  Gateway  
  97  8:32  Probe, Phoenix (Chrono Boost)  
  102  8:36  Gateway  
  102  8:37  Gateway  
  102  8:44  Stalker x2  
  102  8:47  Probe  
  109  8:51  Phoenix (Chrono Boost)  
  109  8:54  Photon Cannon  
  109  8:58  Photon Cannon, Phoenix (Chrono Boost)  
  109  9:00  Probe, Nexus  
  112  9:07  Phoenix (Chrono Boost)  
  114  9:15  Pylon  
  114  9:16  Templar Archives  
  116  9:20  Phoenix (Chrono Boost)  
  116  9:26  Phoenix (Chrono Boost)  
  116  9:30  Probe  
  117  9:31  Probe  
  118  9:41  Stalker  
  118  9:42  Stalker x3  
  118  9:44  Probe  
  127  9:47  Photon Cannon  
  127  9:50  Assimilator  
  127  9:51  Templar Archives  
  127  9:55  Assimilator  
  127  9:56  Probe  
  128  10:00  Stalker x3  
  128  10:01  Stalker  
  137  10:07  Probe  
  137  10:11  Pylon  
  137  10:15  Pylon  
  137  10:18  High Templar x3  
  137  10:20  Photon Cannon  
  143  10:23  Photon Cannon x2  
  143  10:26  Photon Cannon  
  140  10:29  High Templar  
  140  10:34  Archon  
  140  10:35  Archon  
  132  10:36  Probe x2  
  132  10:40  Probe  
  132  10:42  Probe  
  136  10:44  Stalker  
  136  10:45  Stalker x4  
  142  11:03  Probe  
  142  11:05  High Templar x2  
  142  11:10  High Templar x2, Archon  
  142  11:12  Zealot x2  
  142  11:13  Zealot x5  
  142  11:15  Archon  
  147  11:33  Observer  
  144  11:41  Stalker x3  
  144  11:42  Stalker x5  
  160  11:51  Stalker x2  
  159  12:10  Observer  
  160  12:24  Probe x2  
  160  12:28  Stalker x3  
  160  12:29  Stalker x4  
  176  12:30  Stalker  
  172  12:41  Protoss Ground Weapons Level 1 (Chrono Boost), Charge (Chrono Boost)  
  172  12:46  Probe  
  173  12:52  Photon Cannon  
  173  12:56  Probe  
  174  13:02  High Templar x3  
  180  13:08  Psionic Storm  
  180  13:22  Pylon  
  180  13:23  Pylon  
  180  13:25  Probe, Pylon  
  177  13:28  High Templar  
  179  13:36  Probe  
  179  13:41  High Templar  
  180  13:42  High Templar x2  
  180  13:43  High Templar x2  
  188  13:48  Archon  
  188  13:49  Archon  
  188  13:52  Stalker x3  
  194  13:56  Probe  
  194  13:59  Photon Cannon  
  194  14:02  Photon Cannon  
  195  14:05  Probe  
  196  14:13  Probe  
  196  14:16  Pylon  
  186  14:18  Pylon  
  185  14:24  Stalker  
  185  14:25  Stalker  
  185  14:26  Photon Cannon  
  187  14:40  Stalker x3  
  185  15:03  Observer  
  151  15:08  Stalker x2  
  151  15:09  Stalker x4  
Show
View Real Time Build Order
Export as new Build Order

Teebul Protoss 

Build Orders: 1 Gate Expand, Phoenix Opening 

Get SALT Encoding   

  12  0:03  Probe (Chrono Boost)  
  13  0:14  Probe (Chrono Boost)  
  14  0:22  Pylon  
  14  0:25  Probe (Chrono Boost)  
  15  0:40  Probe (Chrono Boost)  
  15  0:41  Gateway  
  16  0:46  Assimilator  
  16  0:51  Probe (Chrono Boost)  
  17  1:01  Probe (Chrono Boost)  
  18  1:12  Probe (Chrono Boost)  
  19  1:23  Nexus  
  19  1:25  Probe (Chrono Boost)  
  20  1:42  Probe (Chrono Boost), Assimilator, Cybernetics Core  
  21  1:52  Pylon  
  21  1:54  Probe (Chrono Boost)  
  22  2:04  Probe (Chrono Boost)  
  23  2:14  Probe (Chrono Boost)  
  24  2:19  Stalker (Chrono Boost)  
  26  2:26  Stargate  
  26  2:27  Probe  
  27  2:35  Probe (Chrono Boost)  
  27  2:36  Warp Gate  
  28  2:39  Probe (Chrono Boost)  
  29  2:47  Probe (Chrono Boost)  
  29  2:50  Probe (Chrono Boost)  
  31  2:57  Probe (Chrono Boost)  
  32  3:01  Probe (Chrono Boost)  
  33  3:06  Robotics Facility  
  33  3:08  Probe (Chrono Boost)  
  33  3:11  Probe (Chrono Boost)  
  35  3:14  Phoenix (Chrono Boost)  
  35  3:18  Probe  
  38  3:23  Probe  
  39  3:28  Probe  
  40  3:35  Probe  
  40  3:36  Phoenix (Chrono Boost)  
  40  3:39  Probe  
  44  3:41  Pylon  
  44  3:48  Probe  
  45  3:49  Probe  
  45  3:51  Assimilator  
  46  3:56  Assimilator  
  46  3:59  Observer  
  46  4:00  Probe  
  46  4:01  Probe  
  49  4:04  Pylon  
  49  4:06  Phoenix (Chrono Boost)  
  49  4:08  Pylon  
  51  4:11  Probe  
  51  4:12  Probe  
  51  4:13  Pylon  
  53  4:23  Probe  
  54  4:24  Probe  
  54  4:29  Phoenix (Chrono Boost)  
  56  4:39  Stargate  
  56  4:45  Nexus  
  56  4:55  Probe x2  
  56  4:56  Phoenix (Chrono Boost)  
  60  5:06  Probe  
  60  5:07  Adept, Probe  
  60  5:10  Pylon  
  64  5:16  Probe  
  64  5:19  Probe, Pylon  
  64  5:21  Phoenix (Chrono Boost)  
  68  5:27  Assimilator  
  68  5:30  Probe  
  68  5:31  Probe  
  68  5:32  Phoenix (Chrono Boost), Assimilator  
  68  5:33  Pylon  
  68  5:35  Fleet Beacon  
  72  5:43  Probe x2, Phoenix (Chrono Boost)  
  75  5:54  Phoenix (Chrono Boost)  
  75  5:55  Probe x2  
  75  5:56  Probe  
  80  6:05  Phoenix (Chrono Boost)  
  80  6:06  Probe, Stargate  
  80  6:07  Probe x2  
  85  6:16  Phoenix (Chrono Boost)  
  85  6:17  Probe  
  85  6:19  Probe  
  85  6:22  Anion Pulse-Crystals (Chrono Boost)  
  87  6:29  Phoenix (Chrono Boost)  
  87  6:31  Probe  
  90  6:32  Probe  
  90  6:33  Probe  
  90  6:38  Pylon  
  92  6:40  Pylon  
  92  6:43  Pylon  
  92  6:44  Probe, Phoenix (Chrono Boost)  
  95  6:50  Nexus  
  95  6:57  Phoenix (Chrono Boost)  
  95  6:58  Phoenix (Chrono Boost)  
  99  7:01  Probe  
  99  7:06  Forge  
  102  7:10  Phoenix (Chrono Boost)  
  102  7:12  Pylon  
  102  7:20  Phoenix (Chrono Boost)  
  102  7:21  Phoenix (Chrono Boost)  
  106  7:24  Pylon  
  106  7:35  Phoenix (Chrono Boost)  
  108  7:41  Phoenix (Chrono Boost)  
  108  7:43  Phoenix (Chrono Boost)  
  112  7:57  Assimilator  
  106  8:00  Phoenix (Chrono Boost)  
  106  8:01  Assimilator  
  106  8:03  Phoenix (Chrono Boost)  
  106  8:04  Pylon  
  106  8:05  Phoenix (Chrono Boost)  
  81  8:23  Stargate  
  81  8:25  Phoenix x2 (Chrono Boost), Pylon  
  81  8:26  Phoenix (Chrono Boost)  
  87  8:36  Photon Cannon  
  87  8:39  Photon Cannon  
  87  8:41  Photon Cannon  
  86  8:46  Phoenix (Chrono Boost)  
  92  8:48  Phoenix (Chrono Boost)  
  92  8:49  Phoenix (Chrono Boost)  
  92  8:53  Photon Cannon x2  
  92  9:06  Pylon  
  92  9:08  Phoenix x2 (Chrono Boost)  
  96  9:10  Phoenix (Chrono Boost)  
  96  9:14  Phoenix (Chrono Boost)  
  96  9:16  Mothership Core  
  102  9:17  Gateway  
  102  9:19  Gateway  
  102  9:21  Gateway  
  102  9:23  Twilight Council  
  94  9:27  Probe  
  94  9:28  Probe x2  
  94  9:30  Phoenix x2 (Chrono Boost)  
  97  9:32  Phoenix (Chrono Boost)  
  97  9:37  Probe  
  102  9:38  Phoenix (Chrono Boost)  
  102  9:52  Phoenix x2 (Chrono Boost)  
  106  9:54  Phoenix (Chrono Boost)  
  106  9:55  Gateway  
  106  9:57  Gateway  
  108  10:03  Phoenix (Chrono Boost)  
  108  10:04  Zealot  
  112  10:13  Phoenix (Chrono Boost)  
  114  10:16  Phoenix (Chrono Boost)  
  114  10:18  Zealot  
  114  10:20  Zealot  
  130  10:35  Immortal  
  130  10:42  Carrier (Chrono Boost)  
  136  10:43  Carrier (Chrono Boost)  
  136  10:52  Zealot x4  
  140  11:07  Carrier (Chrono Boost)  
  144  11:20  Zealot x4  
  144  11:22  Probe x3  
  145  11:31  Immortal  
  136  11:45  Carrier (Chrono Boost)  
  141  11:47  Graviton Catapult (Chrono Boost)  
  141  11:50  Probe x3  
  138  12:02  Probe, Sentry  
  138  12:03  Sentry  
  138  12:05  Mothership Core  
  145  12:11  Zealot x2  
  149  12:26  Pylon  
  149  12:28  Pylon  
  149  12:46  Probe x3  
  149  12:50  Pylon  
  152  12:58  Probe  
  153  13:05  Sentry  
  153  13:06  Sentry x2  
  153  13:09  Nexus  
  153  13:10  Probe  
  158  13:21  Carrier  
  164  13:27  Pylon  
  164  13:39  Probe  
  165  13:45  Probe x2  
  167  13:51  Probe, Pylon  
  168  13:57  Probe x2  
  168  14:02  Pylon  
  170  14:03  Probe  
  170  14:05  Pylon  
  170  14:06  Colossus  
  170  14:09  Nexus  
  167  14:29  Zealot x4  
  173  14:36  Zealot x2  
Tags
 
Add a new tag
Caveats
  • Supply blocks, unpowered buildings, or Contaminate may cause inaccurate times.
  • Supply counts are checked every 10 seconds.